Map: 옥사이드 - 래더

Players

DPGZest (Zest) - Winner!

  • Race: Protoss Protoss
  • Spawn Location: 7:00

GunGFuBanDa

  • Race: Protoss Protoss
  • Spawn Location: 1:00

Event: StayAtHome Story Cup #3

VOD

Have the link to the VOD?

Description

Time

  • Played on: March 11, 2021, 8:05 a.m.
  • Length: 5:39

All games in this series

Show
View Real Time Build Order
Export as new Build Order

DPGZest Protoss - Winner!

Build Orders: Proxy Void Ray 

Get SALT Encoding   

  12  0:00  Probe  
  13  0:12  Probe  
  14  0:18  Pylon  
  14  0:24  Probe (Chrono Boost)  
  15  0:37  Probe (Chrono Boost)  
  15  0:38  Gateway  
  16  0:45  Probe (Chrono Boost)  
  16  0:48  Assimilator  
  17  0:51  Probe  
  18  1:03  Probe (Chrono Boost)  
  19  1:04  Assimilator  
  19  1:13  Probe (Chrono Boost)  
  19  1:16  Pylon  
  19  1:18  Probe (Chrono Boost)  
  20  1:25  Cybernetics Core  
  21  1:29  Probe  
  22  1:34  Zealot  
  24  1:41  Probe  
  25  1:53  Probe  
  26  2:01  Stalker  
  28  2:15  Stargate  
  28  2:23  Warp Gate  
  28  2:31  Stalker  
  28  2:33  Pylon  
  29  2:42  Gateway  
  29  2:50  Void Ray (Chrono Boost)  
  29  3:01  Pylon  
  33  3:05  Pylon  
  33  3:12  Stalker  
  35  3:19  Gateway  
  35  3:27  Void Ray (Chrono Boost)  
  35  3:40  Shield Battery  
  39  3:49  Shield Battery  
  39  4:01  Gateway  
  39  4:12  Shield Battery  
  39  4:15  Stalker x2  
  43  4:19  Stalker  
  43  4:38  Shield Battery  
  43  4:42  Stalker x2  
  47  4:59  Stalker  
  41  5:00  Stalker  
  41  5:07  Stalker  
  43  5:19  Stalker  
  43  5:32  Stalker  
  43  5:33  Stalker  
Show
View Real Time Build Order
Export as new Build Order

GunGFuBanDa Protoss 

Build Orders:  

Get SALT Encoding   

  12  0:00  Probe  
  13  0:12  Probe  
  14  0:19  Pylon  
  14  0:24  Probe (Chrono Boost)  
  15  0:38  Probe (Chrono Boost), Gateway  
  16  0:45  Probe (Chrono Boost)  
  16  0:46  Assimilator  
  17  0:52  Probe  
  18  1:04  Probe (Chrono Boost)  
  18  1:07  Assimilator  
  19  1:15  Pylon  
  19  1:16  Probe (Chrono Boost)  
  20  1:25  Cybernetics Core  
  20  1:28  Probe  
  21  1:54  Nexus  
  21  2:01  Stalker (Chrono Boost)  
  21  2:03  Warp Gate  
  22  2:13  Probe  
  23  2:18  Gateway  
  23  2:23  Sentry  
  23  2:25  Probe  
  26  2:35  Shield Battery  
  26  2:38  Probe  
  27  2:50  Probe  
  28  2:52  Stalker  
  30  3:02  Probe  
  31  3:08  Probe  
  31  3:11  Gateway  
  32  3:22  Shield Battery  
  32  3:24  Probe, Pylon  
  33  3:33  Probe  
  34  3:36  Probe  
  35  3:45  Probe  
  36  3:52  Stalker x2  
  40  3:58  Shield Battery  
  37  4:12  Stalker  
  39  4:17  Stalker x2  
  39  4:21  Twilight Council  
  41  4:34  Shield Battery  
  41  4:36  Sentry  
  43  4:40  Cybernetics Core  
  43  4:47  Zealot, Pylon  
  39  5:07  Pylon  
  39  5:09  Zealot  
  39  5:18  Stalker  
  39  5:19  Probe  
  38  5:21  Gateway  
  38  5:23  Dark Shrine  
  33  5:32  Stalker  
Tags
 
Add a new tag
Caveats
  • Supply blocks, unpowered buildings, or Contaminate may cause inaccurate times.
  • Supply counts are checked every 10 seconds.